 Dungeon Crawl Stone Soup version 0.18-a0-1797-gc18daef (webtiles) character file.

4895 epen the Covert (level 10, -7/74 HPs)
             Began as an Octopode Monk on Apr 22, 2016.
             Was the Champion of Cheibriados.
             Mangled by a slime creature (18 damage)
             ... on level 9 of the Dungeon.
             The game lasted 00:22:20 (9514 turns).

epen the Covert (Octopode Monk)                     Turns: 9514, Time: 00:22:21

Health: -7/74      AC:  1    Str: 25    XL:     10   Next: 51%
Magic:  15/15      EV: 23    Int: 28    God:    Cheibriados [******]
Gold:   564        SH:  8    Dex: 35    Spells: 0 memorised, 9 levels left

rFire  + . .     SeeInvis .       - Unarmed
rCold  . . .     Gourm    .     o - +0 buckler
rNeg   . . .     Faith    +     (helmet restricted)
rPois  +         Spirit   .     y - amulet of faith
rElec  .         Dismiss  .     g - ring of poison resistance
rCorr  .         Reflect  .     r - ring of Qoafeir {SustAt rF+}
SustAt +         Harm     .     (no ring)
MR     .....                    (no ring)
Stlth  +++++++...               (no ring)
                                (no ring)
                                (no ring)
                                (no ring)

@: very slow, not resistant to hostile enchantments, extremely stealthy
A: almost no armour, amphibious, 8 rings, constrict 8, beak, camouflage 1, agile
1, blurry vision 1, deterioration 1, poison resistance, robust 1, gelatinous
body 1, subdued magic 1
a: Bend Time, Temporal Distortion, Slouch, Step From Time, Renounce Religion


You were on level 9 of the Dungeon.
You worshipped Cheibriados.
Cheibriados was exalted by your worship.
You were not hungry.

You visited 2 branches of the dungeon, and saw 10 of its levels.

You collected 564 gold pieces.

Inventory:

Missiles
 b - 2 throwing nets (quivered)
Armour
 o - a +0 buckler (worn)
Jewellery
 e - an uncursed ring of ice
 g - a ring of poison resistance (left tentacle)
 r - the ring of Qoafeir (right tentacle) {SustAt rF+}
   (You found it on level 5 of the Dungeon)

   [ring of sustain attributes]

   It sustains your strength, intelligence and dexterity.
   It protects you from fire.
 y - an amulet of faith (around mantle)
Wands
 n - a wand of flame (42/48)
 u - a wand of slowing (30/48)
 B - a wand of lightning (2/15)
Scrolls
 d - 3 scrolls of teleportation
 k - 4 scrolls of magic mapping
 s - 2 scrolls of identify
 t - a scroll of remove curse
 z - 2 scrolls of enchant weapon
Potions
 c - 4 potions of curing
 j - 2 potions of cancellation
 m - 3 potions of resistance
 q - a potion of agility
 v - 2 potions of lignification {unknown}
 x - a potion of cure mutation {unknown}
Books
 p - a book of Maledictions

   Spells                             Type                      Level
   a - Corona                         Hexes                        1
   b - Ensorcelled Hibernation        Hexes/Ice                    2
   c - Confuse                        Hexes                        3
   d - Tukima's Dance                 Hexes                        3
   e - Dazzling Spray                 Conjuration/Hexes            3
Comestibles
 a - 7 bread rations
 f - 5 meat rations
 h - 8 slices of pizza
 i - 2 royal jellies
 l - 4 fruits
 w - 2 beef jerkies


   Skills:
 + Level 5.8 Fighting
 * Level 8.2 Dodging
 + Level 8.9 Stealth
 - Level 3.5 Shields
 * Level 8.6 Unarmed Combat
 * Level 6.8 Invocations


You had 9 spell levels left.
You didn't know any spells.

Dungeon Overview and Level Annotations

Branches:
Dungeon (9/15)             Temple (1/1) D:6
   Lair: D:8-11         Orc: D:9-12

Altars:
Cheibriados
Dithmenos
Fedhas
Kikubaaqudgha
Makhleb
Nemelex Xobeh
Pakellas
Qazlal
Ru
Sif Muna
Trog
Xom
Yredelemnul

Shops:
D:8 :


Innate Abilities, Weirdness & Mutations

You cannot wear most types of armour.
You are amphibious.
You can wear up to eight rings at the same time.
You can use your tentacles to constrict eight enemies at once.
Your skin changes colour to match your surroundings (Stealth).
Your rubbery body absorbs attacks (AC +1).
You have a beak for a mouth.
You are agile. (Dex +2)
Scrolls take you a little longer to read.
Your body sometimes deteriorates upon taking damage.
Your system is resistant to poisons.
You are robust (+10% HP).
Your spells are a little easier to cast, but a little less powerful.


Message History

You bludgeon the slime creature! Your peck misses the slime creature.
You squeeze the slime creature.
The slime creature is moderately wounded.
The slime creature hits you!
* * * LOW HITPOINT WARNING * * *
Your body deteriorates!
You feel weakened for a moment.
Drink which item? (? for menu, Esc to quit)
Okay, then.
You bludgeon the slime creature! You squeeze the slime creature!
The slime creature is heavily wounded.
The slime creature barely misses you.
You barely miss the slime creature. You peck the slime creature.
You squeeze the slime creature.
The slime creature is severely wounded.
You block the slime creature's attack.
You tentacle-slap the slime creature. You squeeze the slime creature!
The slime creature is almost dead.
The slime creature hits you!!
You die...

#..............≈≈≈≈.
#........≈≈≈≈≈.≈≈≈≈.
#.#...##.≈≈≈;≈.≈≈≈≈.
#.##.## ≈≈≈≈≈.≈≈≈≈.
#.##..# ;≈≈≈.≈≈≈≈.
#.###.# .O.......
#.# .# ##+..###
#.###.###.# #..#
#..@J.....# ..#
#####$##### ... ####


You could see a slime creature.

Vanquished Creatures
  A troll (D:9)
  A slime creature (D:9)
  Sigmund (D:3)
  A human (D:7)
  A hungry ghost (D:7)
  3 sky beasts
  An ice beast (D:8)
  An orc warrior (D:9)
  A necrophage (D:9)
  6 ogres
  4 centaurs
  2 big kobolds (D:7)
  4 giant frogs
  A water moccasin zombie (D:6)
  A scorpion (D:6)
  10 killer bees (D:8)
  8 wights
  A howler monkey (D:6)
  A giant frog zombie (D:8)
  5 crimson imps
  3 orc priests (D:6)
  A centaur skeleton (D:5)
  A gnoll shaman (D:8)
  3 hounds
  6 orc wizards
  4 giant frog skeletons
  3 iguanas
  4 worker ants
  5 sheep
  A hound zombie (D:7)
  A hound skeleton (D:8)
  10 gnolls
  13 adders
  A howler monkey skeleton (D:5)
  3 shadow imps
  2 oozes
  A worm (D:2)
  3 dart slugs
  5 giant geckos
  25 orcs
  A ball python (D:4)
  9 bats
  5 giant cockroaches
  6 goblins
  9 hobgoblins
  17 jackals
  15 kobolds
  4 quokkas
  A giant gecko skeleton (D:5)
  3 giant newts
  2 jackal zombies
  10 rats
231 creatures vanquished.

Vanquished Creatures (others)
  A sky beast (D:5)
  A crocodile (D:5)
2 creatures vanquished.

Grand Total: 233 creatures vanquished

Notes
Turn   | Place    | Note
--------------------------------------------------------------
     0 | D:1      | epen the Octopode Monk began the quest for the Orb.
     0 | D:1      | Reached XP level 1. HP: 16/16 MP: 1/1
    92 | D:1      | Reached XP level 2. HP: 16/21 MP: 2/2
   422 | D:2      | Reached XP level 3. HP: 17/26 MP: 3/3
  1057 | D:2      | Reached XP level 4. HP: 29/31 MP: 4/4
  1299 | D:2      | Found a sacrificial altar of Ru.
  1310 | D:2      | Found a shadowy altar of Dithmenos.
  1310 | D:2      | Found a snail-covered altar of Cheibriados.
  1311 | D:2      | Found a shimmering altar of Xom.
  1312 | D:2      | Found a sparkling altar of Nemelex Xobeh.
  1318 | D:2      | Became a worshipper of Cheibriados the Contemplative
  1318 | D:2      | Reached * piety under Cheibriados
  1318 | D:2      | Reached ** piety under Cheibriados
  1730 | D:3      | Found a blossoming altar of Fedhas.
  1731 | D:3      | Found an ancient bone altar of Kikubaaqudgha.
  2017 | D:3      | Noticed Sigmund
  2031 | D:3      | Killed Sigmund
  2031 | D:3      | Reached skill level 5 in Unarmed Combat
  2031 | D:3      | Reached skill level 1 in Invocations
  2031 | D:3      | Reached XP level 5. HP: 28/36 MP: 5/5
  2031 | D:3      | Reached XP level 6. HP: 33/42 MP: 6/6
  2543 | D:3      | Reached *** piety under Cheibriados
  2871 | D:4      | Found a basalt altar of Yredelemnul.
  2887 | D:4      | Reached skill level 5 in Stealth
  3157 | D:4      | Reached XP level 7. HP: 42/46 MP: 8/8
  3629 | D:5      | Entered Level 5 of the Dungeon
  3750 | D:5      | Got a sparkling glass ring
  3785 | D:5      | Reached **** piety under Cheibriados
  3788 | D:5      | Gained mutation: You have a beak for a mouth. [potion of beneficial mutation]
  3789 | D:5      | Identified the ring of Qoafeir {SustAt rF+} (You found it on level 5 of the Dungeon)
  3987 | D:5      | Reached skill level 5 in Dodging
  4180 | D:5      | Reached skill level 1 in Shields
  4581 | D:5      | Found an oddly glowing altar of Pakellas.
  4581 | D:5      | Noticed an orange crystal statue
  4744 | D:5      | Reached XP level 8. HP: 50/54 MP: 10/10
  4826 | D:5      | Gained mutation: You are agile. (Dex +2) [potion of mutation]
  4826 | D:5      | Gained mutation: Your system is resistant to poisons. [potion of mutation]
  4826 | D:5      | Gained mutation: Your spells are a little easier to cast, but a little less powerful. [potion of mutation]
  4919 | D:6      | Gained mutation: You are robust (+10% HP). [mutagenic meat]
  4920 | D:6      | Gained mutation: Scrolls take you a little longer to read. [mutagenic meat]
  4921 | D:6      | Gained mutation: Your body sometimes deteriorates upon taking damage. [mutagenic meat]
  5176 | D:6      | Reached ***** piety under Cheibriados
  5271 | D:6      | Found a staircase to the Ecumenical Temple.
  5684 | D:6      | Reached XP level 9. HP: 31/64 MP: 12/12
  6323 | Temple   | Entered the Ecumenical Temple
  6434 | D:7      | Reached skill level 5 in Invocations
  6602 | D:7      | Reached skill level 5 in Fighting
  6915 | D:7      | Noticed a two-headed ogre
  7623 | D:8      | Found Xihol's Book Shop.
  7684 | D:8      | Found an oddly glowing altar of Pakellas.
  7864 | D:8      | Reached XP level 10. HP: 72/72 MP: 14/14
  7923 | D:8      | Reached ****** piety under Cheibriados
  9161 | D:9      | Found a bloodstained altar of Trog.
  9514 | D:9      | Mangled by a slime creature

Vault maps used:
D:1:      onia_arrival_pentagram
D:2:      minitemple, grunt_ministairs_9
D:3:      grunt_temple_overflow_growth_and_decay, kennysheep_generic_room_14,
          uniq_sigmund
D:4:      lemuel_crystal_altar, first_bread, abandoned_shop
D:5:      gammafunk_pakellas_statue_experiment, minmay_small_thing
D:6:      minmay_temple_entry_mist, kennysheep_generic_room_11
D:7:      grunt_livestock, moated_statue
D:8:      serial_shops, shop, basic_altar
D:9:      minivault_14, trog_butcher_becter
Temple:   triangle_lava_temple_11

Skill      XL: |  1  2  3  4  5  6  7  8  9 10 |
---------------+-------------------------------+-----
Stealth        | 3 4 5 6 8 |  8.9
Dodging        | 4 5 6 7 8 |  8.2
Unarmed Combat | 5 6 8 |  8.6
Invocations    | 1 3 4 5 6 |  6.8
Fighting       | 4 5 |  5.8
Shields        | 1 2 3 |  3.5

Action                   |  1- 3 |  4- 6 |  7- 9 | 10-12 || total
-------------------------+-------+-------+-------+-------++-------
Melee: Unarmed           |    65 |    85 |   233 |    84 ||   467
       Constrict         |    16 |    21 |    77 |    24 ||   138
       Tentacles         |     9 |    19 |    96 |    36 ||   160
       Punch             |     1 |     4 |    16 |    12 ||    33
       Peck              |       |       |    95 |    40 ||   135
Invok: Slouch            |       |       |     1 |       ||     1
  Use: Scroll            |     6 |       |     6 |     5 ||    17
       Potion            |       |       |     2 |       ||     2
 Stab: Sleeping          |    11 |    11 |    26 |    13 ||    61
       Distracted        |       |       |     4 |       ||     4
  Eat: Chunk             |       |     3 |    15 |     2 ||    20
Armor: Skin              |     5 |     5 |     4 |     2 ||    16
Dodge: Dodged            |    33 |    39 |   141 |    51 ||   264
Block: Buckler           |       |       |    41 |    22 ||    63
